 Dungeon Crawl Stone Soup version 0.20-a0-351-gc9b4002 (webtiles) character file.

136 snakesoul the Ruffian (level 4, -6/45 HPs)
             Began as a Troll Fighter on Dec 26, 2016.
             Mangled by Grinder (11 damage)
             ... on level 3 of the Dungeon.
             The game lasted 00:02:34 (1457 turns).

snakesoul the Ruffian (Troll Fighter)               Turns: 1457, Time: 00:02:34

Health: -6/45      AC:  5    Str: 24    XL:     4   Next: 98%
Magic:  3/3        EV:  8    Int:  4    God:
Gold:   167        SH:  9    Dex: 10    Spells: 3/3 levels left

rFire  . . .     SeeInvis .       - Unarmed
rCold  . . .     Gourm    +     a - +0 robe
rNeg   . . .     Faith    .     b - +0 shield
rPois  .         Spirit   .     (helmet restricted)
rElec  .         Reflect  .     (no cloak)
rCorr  .         Harm     .     (gloves unavailable)
MR     .....                    (boots unavailable)
Stlth  +.........               (no amulet)
                                (no ring)
                                (no ring)

@: no status effects
A: unfitting armour, claws 3, fast metabolism 3, gourmand, regeneration 1,
shaggy fur 1, tough skin 2
a: no special abilities


You were on level 3 of the Dungeon.
You were completely stuffed.

You visited 1 branch of the dungeon, and saw 3 of its levels.

You collected 167 gold pieces.

Inventory:

Armour
 a - a +0 robe (worn)
 b - a +0 shield (worn)
Wands
 r - a wand of acid (11/15)
Scrolls
 e - a scroll of fear {unknown}
 f - 4 scrolls of remove curse {unknown}
 h - 2 scrolls of teleportation {unknown}
 i - 3 scrolls of identify {unknown}
 l - 2 scrolls of fog {unknown}
 o - a scroll of amnesia {unknown}
 q - a scroll of enchant weapon {unknown}
Potions
 c - a potion of might
 j - a potion of heal wounds {unknown}
 m - a potion of magic {unknown}
 p - a potion of flight {unknown}
Comestibles
 d - 3 bread rations
 g - a meat ration
 k - a slice of pizza
 n - a beef jerky
 s - 3 fruits
 t - 5 chunks of flesh


   Skills:
 + Level 3.2 Fighting
 - Level 2.4 Dodging
 + Level 3.0 Shields
 * Level 3.9 Unarmed Combat


You had 3 spell levels left.
You didn't know any spells.

Dungeon Overview and Level Annotations

Branches:
Dungeon (3/15)

Altars:
The Shining One

Annotations:
D:3 Grinder


Innate Abilities, Weirdness & Mutations

You are too large for most types of armour.
You have claws for hands.
Your metabolism is lightning-fast.
You like to eat raw meat.
Your natural rate of healing is unusually fast.
You are covered in fur. (AC +1)
You have very tough skin. (AC +2)


Message History

Grinder hits you.
You writhe in agony.
* * * LOW HITPOINT WARNING * * *
You can move again.
You are too injured to fight recklessly!
Unknown command.
You are too injured to fight recklessly!
Unknown command.
You are too injured to fight recklessly!
Your shield prevents you from hitting Grinder.
Grinder barely misses you.
You claw Grinder!
Grinder is lightly wounded.
Grinder hits you!
* * * LOW HITPOINT WARNING * * *
You writhe in agony.
* * * LOW HITPOINT WARNING * * *
You scratch Grinder but do no damage.
Grinder is lightly wounded.
Grinder hits you!
You die...

####### #.[...#
###.....### #####
.......... .....
#...... #....5# ####
#....@# #... #≈....#
#####.## #.≈≈##.#
###.....# #≈. #>###
#...##### #≈
#...#####.### # #
#####...#...########
#.........##........
#........###.#######
#......#.###.#######


You could see Grinder.

Vanquished Creatures
  Jessica (D:3)
  Terence (D:3)
  4 adders
  2 worms (D:2)
  A dart slug (D:2)
  2 bats
  3 giant cockroaches (D:2)
  6 goblins
  9 hobgoblins
  2 quokkas (D:3)
  3 frilled lizards (D:2)
  3 kobolds
  6 rats
43 creatures vanquished.

Notes
Turn   | Place    | Note
-------+----------+-------------------------------------------
     0 | D:1      | snakesoul the Troll Fighter began the quest for the Orb.
     0 | D:1      | Reached XP level 1. HP: 22/22 MP: 0/0
   182 | D:1      | Reached XP level 2. HP: 29/29 MP: 1/1
   618 | D:2      | Found a faded altar of an unknown god.
   807 | D:2      | Reached XP level 3. HP: 34/36 MP: 2/2
   963 | D:2      | Found a glowing golden altar of the Shining One.
  1073 | D:2      | Reached XP level 4. HP: 45/45 MP: 3/3
  1230 | D:3      | Noticed Jessica
  1237 | D:3      | Killed Jessica
  1321 | D:3      | Noticed Terence
  1329 | D:3      | Killed Terence
  1446 | D:3      | Noticed Grinder
  1448 | D:3      | Paralysed by Grinder for 7 turns
  1457 | D:3      | Mangled by Grinder

Vault maps used:
D:1:      sevenhm_arrival_forest_fort_small_4, serial_bayou_crossing
D:2:      chequers_ecumenical_altar_simple, nicolae_tso_swordbearing_angel
D:3:      gup_sewer_entry_pipe, uniq_jessica, uniq_grinder, uniq_terence

Skill      XL: |  1  2  3  4 |
---------------+-------------+-----
Unarmed Combat | 3 |  3.9
Fighting       | 3 |  3.2
Shields        | 3 |  3.0
Dodging        | |  2.4

Action                   |  1- 3 |  4- 6 || total
-------------------------+-------+-------++-------
Melee: Unarmed           |   107 |    34 ||   141
  Eat: Chunk             |    14 |     5 ||    19
Armor: Robe              |    35 |     7 ||    42
Dodge: Dodged            |    43 |     8 ||    51
Block: Shield            |    53 |     7 ||    60
